 Dungeon Crawl Stone Soup version 0.13.0-17-g5f0e85f (webtiles) character file.

449 4tharraofdagon the Poker (level 6, -13/47 HPs)
             Began as a Merfolk Gladiator on Oct 21, 2013.
             Was a Believer of Makhleb.
             Mangled by an orc warrior
             ... wielding a -1,+0 orcish war axe
              (22 damage)
             ... on Level 6 of the Dungeon.
             The game lasted 00:05:55 (1184 turns).

4tharraofdagon the Poker (Merfolk Gladiator)        Turns: 1184, Time: 00:05:56

HP -13/47        AC  7     Str 17      XL: 6   Next: 24%
MP  14/14        EV 18     Int  8      God: Makhleb [**....]
Gold 176         SH  0     Dex 19      Spells:  0 memorised,  5 levels left

Res.Fire  : . . .   See Invis. : .   w - +0 orc trident
Res.Cold  : + . .   Warding    : .   q - +1 ring mail {rC+}
Life Prot.: . . .   Conserve   : .   (no shield)
Res.Poison: .       Res.Corr.  : .   n - +0 horned helmet
Res.Elec. : .       Clarity    : .   (no cloak)
Sust.Abil.: . .     Spirit.Shd : .   (no gloves)
Res.Mut.  : .       Stasis     : .   (no boots)
Res.Rott. : .       Flight     : .   (no amulet)
Saprovore : . . .                    (no ring)
                                     v - ring of magical power

@: agile, very slightly contaminated, hasted, very quick, slightly resistant to
hostile enchantments, fairly stealthy
A: change form in water, swift swim
a: Minor Destruction, Renounce Religion


You were on level 6 of the Dungeon.
You worshipped Makhleb.
Makhleb was pleased with you.
You were not hungry.

You visited 1 branch of the dungeon, and saw 6 of its levels.

You collected 156 gold pieces.

Inventory:

Hand weapons
 a - a +0,+0 trident
 w - a +0,+0 orcish trident (weapon)
Missiles
 t - 4 javelins (quivered)
Armour
 b - a +0 leather armour
 c - a +0 helmet
 n - a +0 horned helmet (worn)
 p - a +0 orcish ring mail
 q - a +1 ring mail of cold resistance (worn)
Comestibles
 f - a bread ration
 s - a pear
Scrolls
 d - a scroll of magic mapping {unknown}
 g - 2 scrolls of teleportation {unknown}
 j - a scroll of curse armour {unknown}
Jewellery
 v - a ring of magical power (left hand)
Potions
 e - a potion of poison {unknown}
 i - a potion of curing
 o - a potion of heal wounds {unknown}


   Skills:
 + Level 3.7 Fighting
 * Level 7.5 Polearms
 - Level 2.0 Throwing
 + Level 5.9 Dodging


You had 5 spell levels left.
You didn't know any spells.

Dungeon Overview and Level Annotations

Branches:
Dungeon (6/27)                Orc (0/4) D:6
 Temple: D:4-7

Altars:
Makhleb

Annotations:
D:4 Menkaure


Message History

The orc warrior hits you but does no damage.
The orc warrior hits you but does no damage.
The giant eyeball stares at you. You resist.
You can move again.
Unknown command.
Unknown command.
Drink which item? (? for menu, Esc to quit)
You feel yourself speed up.
The orc warrior hits you with an orcish war axe!
* * * LOW HITPOINT WARNING * * *
You are very lightly contaminated with residual magic.
Read which item? (? for menu, Esc to quit)
As you read the scroll labeled XAHYGU LEAPRAA, it crumbles to dust.
Use on which item? (\ to view known items) (? for menu, Esc to quit)
Nothing appears to happen.
Drink which item? (? for menu, Esc to quit)
You feel more agile all of a sudden.
It was a potion of agility.
The orc warrior hits you with an orcish war axe!
You die...

######...#
#.#...
###.#.# #
#.#..#+
#...#...#
#.#..#
#.#####.#
#.#..#
#...#...#
#.#.
###.#.#####.#
#.....[)...#
#.##o#######
#. #@# #. #G#
#. #o# #. #.#
#. #.. # ...
.8.. ....
......


You could see an orc warrior, a giant eyeball and an orc.

Vanquished Creatures
  A giant frog (D:6)
  An orc priest (D:5)
  An iguana (D:5)
  An orc wizard (D:3)
  2 worker ants
  3 adders
  A worm (D:6)
  An ooze (D:3)
  13 orcs
  A ball python (D:3)
  A giant cockroach (D:3)
  4 goblins
  A hobgoblin (D:4)
  3 jackals (D:6)
  2 quokkas
  2 bats
  A giant gecko zombie (D:6)
  A giant newt (D:3)
  3 kobolds
  6 rats
49 creatures vanquished.

Notes
Turn   | Place    | Note
--------------------------------------------------------------
     0 | D:1      | 4tharraofdagon, the Merfolk Gladiator, began the quest for the Orb.
     0 | D:1      | Reached XP level 1. HP: 17/17 MP: 0/0
   126 | D:3      | Reached XP level 2. HP: 23/23 MP: 1/1
   147 | D:3      | Reached skill level 5 in Polearms
   202 | D:3      | Reached XP level 3. HP: 21/28 MP: 2/2
   222 | D:3      | Found a burning altar of Makhleb.
   223 | D:3      | Noticed a balrug
   228 | D:3      | Noticed a ynoxinul
   228 | D:3      | Noticed a ynoxinul
   230 | D:3      | Became a worshipper of Makhleb the Destroyer
   414 | D:3      | Noticed an orc wizard
   433 | D:3      | Killed an orc wizard
   433 | D:3      | Reached skill level 5 in Dodging
   433 | D:3      | Reached XP level 4. HP: 21/35 MP: 3/3
   509 | D:4      | Reached skill level 6 in Polearms
   566 | D:5      | Entered Level 5 of the Dungeon
   575 | D:5      | Reached XP level 5. HP: 26/40 MP: 4/4
   611 | D:4      | Noticed Menkaure
   636 | D:5      | Acquired Makhleb's first power
   747 | D:6      | Reached skill level 7 in Polearms
   791 | D:6      | Reached XP level 6. HP: 24/47 MP: 5/5
   916 | D:6      | fu ring
  1151 | D:6      | Acquired Makhleb's second power
  1154 | D:6      | Found a staircase to the Orcish Mines.
  1165 | D:6      | Paralysed by a giant eyeball for 4 turns
  1172 | D:6      | Paralysed by a giant eyeball for 3 turns
  1175 | D:6      | Noticed an orc warrior
  1178 | D:6      | Paralysed by a giant eyeball for 4 turns
  1184 | D:6      | Mangled by an orc warrior

Action                   |  1- 3 |  4- 6 || total
-------------------------+-------+-------++-------
Melee: Trident           |    77 |   118 ||   195
Throw: Throwing net      |     4 |     6 ||    10
       Javelin           |       |     8 ||     8
  Use: Potion            |     1 |     2 ||     3
       Scroll            |       |     3 ||     3
 Stab: Held in net/web   |     4 |     1 ||     5
